 Dungeon Crawl Stone Soup version 0.30.0-3-ga4e48a9924 (webtiles) character file.

Game seed: 3815240497135478433

48 Exaltedone87 the Chopper (level 3, 0/27 (28) HPs)
             Began as a Demonspawn Gladiator on May 7, 2023.
             Succumbed to Crazy Yiuf's poison
             ... on level 2 of the Dungeon.
             The game lasted 00:02:22 (1582 turns).

Exaltedone87 the Chopper (Demonspawn Gladiator)     Turns: 1582, Time: 00:02:23

HP:   0/27 (28)     AC:  4    Str: 16    XL:     3   Next: 50%
MP:   3/3           EV: 12    Int:  9    God:
Gold: 60            SH:  0    Dex: 14    Spells: 2/2 levels left

rFire   . . .        a - +0 war axe
rCold   . . .        (no shield)
rNeg    . . .        b - +0 leather armour
rPois   .            (helmet restricted)
rElec   .            (no cloak)
rCorr   .            k - +0 pair of gloves
SInv    .            (no boots)
Will    .....        (no amulet)
Stlth   +            (no ring)
HPRegen 0.24/turn    (no ring)
MPRegen 0.08/turn

%: no passive effects
@: lethally poisoned (0 -> -15), lightly drained
A: antennae 1, foul stench 1
a: no special abilities


You were on level 2 of the Dungeon.
You visited 1 branch of the dungeon, and saw 2 of its levels.

You collected 60 gold pieces.

Inventory:

Hand Weapons
 a - a +0 war axe (weapon)
Missiles
 d - 3 throwing nets (quivered)
 e - a javelin
Armour
 b - a +0 leather armour (worn)
 k - a +0 pair of gloves (worn)
 n - a +0 chain mail
Scrolls
 g - 4 scrolls of identify {unknown}
 h - a scroll of enchant armour {unknown}
 j - a scroll of amnesia {unknown}
 l - a scroll of fear {unknown}
 m - a scroll of poison {unknown}
 p - a scroll of teleportation {unknown}
Potions
 c - a potion of curing {unknown}
 f - a potion of attraction {unknown}
 i - a potion of magic {unknown}
 o - a potion of brilliance {unknown}
 q - a potion of ambrosia {unknown}


   Skills:
 + Level 2.4 Fighting
 * Level 3.3 Axes
 - Level 1.7 Throwing
 + Level 1.1 Armour
 + Level 3.0 Dodging


You had 2 spell levels left.
You didn't know any spells.
Your spell library was empty.

Dungeon Overview and Level Annotations

Branches:
Dungeon (2/15)

Altars:

Annotations:
D:2 Crazy Yiuf


Innate Abilities, Weirdness & Mutations

You have a pair of small antennae on your head.
You may rarely emit foul miasma when damaged in melee.


Message History

You see here a +0 dagger.
There is a stone staircase leading up here.
You see here a +0 club.
You now have 60 gold pieces (gained 7).
Crazy Yiuf shouts!
Crazy Yiuf screams, "Island!"
Could not explore, unopened runed door.
You open the door.
Sorry, you're not good enough to have a special ability.
Okay, then.
Crazy Yiuf barely misses you.
There is an open translucent door here.
You hit Crazy Yiuf.
Crazy Yiuf is lightly wounded.
Crazy Yiuf hits you with a +2 quarterstaff of chaos.
Crazy Yiuf draws strength from your wounds!
You slash Crazy Yiuf!
Crazy Yiuf is heavily wounded.
Crazy Yiuf hits you with a +2 quarterstaff of chaos.
You feel drained.
You closely miss Crazy Yiuf.
Crazy Yiuf is heavily wounded.
Crazy Yiuf closely misses you.
Crazy Yiuf hits you with a +2 quarterstaff of chaos!
You are lethally poisoned!
Unknown command.
You closely miss Crazy Yiuf.
Crazy Yiuf is heavily wounded.
You feel very sick. Crazy Yiuf misses you.
You slash Crazy Yiuf!
Crazy Yiuf is almost dead.
* * * LOW HITPOINT WARNING * * *
You feel very sick.
Crazy Yiuf hits you with a +2 quarterstaff of chaos.
* * * LOW HITPOINT WARNING * * *
You are more poisoned.
You barely miss Crazy Yiuf.
Crazy Yiuf is almost dead.
You die...

#.#...#...# #....# #..#
#.......### ##...# #>##
####.#### #PP.# #.# #.#
##.## #.# #># ##.# #.#
#.# #.## #.# #.# ##.# #.#
#.# #.## #.# #.# #@# #.##
####.#### #.g.# #..##
#.......# #...# #...#
#.##.##.# #)..# #...#
#.##.##.# ##### ###.#
#.##....# #.#
#.#####.###############.#
#.#####.................#
#.....>.#################


You could see Crazy Yiuf.

Vanquished Creatures
  An adder (D:2)
  A dart slug (D:2)
  A ball python (D:2)
  4 endoplasms
  4 giant cockroaches
  3 goblins (D:2)
  4 hobgoblins
  3 kobolds
  2 quokkas
  6 bats
  2 frilled lizards (D:2)
  A rat (D:1)
32 creatures vanquished.

Vanquished Creatures (others)
  3 fungi (D:2)
3 creatures vanquished.

Grand Total: 35 creatures vanquished

Notes
Turn   | Place    | Note
-------+----------+-------------------------------------------
     0 | D:1      | Exaltedone87 the Demonspawn Gladiator began the quest for
                  | the Orb.
     0 | D:1      | Reached XP level 1. HP: 16/16 MP: 1/1
   268 | D:1      | Gained mutation: You have a pair of small antennae on your
                  | head. [demonic ancestry]
   268 | D:1      | Reached XP level 2. HP: 22/22 MP: 2/2
   791 | D:2      | Gained mutation: You may rarely emit foul miasma when
                  | damaged in melee. [demonic ancestry]
   791 | D:2      | Reached XP level 3. HP: 26/28 MP: 3/3
   920 | D:2      | Reached skill level 1 in Armour
  1157 | D:2      | Found a runed translucent door.
  1158 | D:2      | Noticed Crazy Yiuf
  1582 | D:2      | Succumbed to Crazy Yiuf's poison

Illustrated notes

Levels and vault maps discovered:
D:1:      giann_forest_graveyard, layout_basic
D:2:      layout_loops_cross, grunt_decor_arrowhead, minmay_increasing_density,
          uniq_crazy_yiuf_cottage

Skill      XL: |  1  2  3 |
---------------+----------+-----
Axes           | 3 |  3.3
Dodging        | 3 |  3.0
Armour         | 1 |  1.1
Fighting       | |  2.4
Throwing       | |  1.7

Action                     || total
---------------------------++-------
  Melee: War axe           ||    85
   Stab: Sleeping          ||     1
 Armour: Leather armour    ||    37
  Dodge: Dodged            ||    78
